Canadiens vs Devils

Created - 27 décembre 2015 at 22:14

Goals
1 2 3 OT1 SO T
Canadiens 1 1 0 0 2 3
Devils 1 0 1 0 1 2
Shots
1 2 3 OT1 SO T
Canadiens 14 11 12 0 3 37
Devils 5 8 14 1 3 28

1st period

1. Devils , Jordan Eberle 4 (Logan Couture) at 5:14
2. Canadiens , Marek Svatos 12 (Marc Savard, Dennis Wideman) at 19:47 (PP)

Penalties :
Sergei Samsonov (Mon) for High sticking (Minor) at 7:01, Dustin Boyd (Mon) for High sticking (Minor) at 10:54, Mike Lundin (NJD) for Tripping (Minor) at 19:41

2nd period

3. Canadiens , Sergei Samsonov 13 (Devin Setoguchi, Dennis Wideman) at 18:29

Penalties :
Steve Ott (NJD) for Tripping (Minor) at 4:47, Steve Ott (NJD) for Diving (Minor) at 8:41, Steve Ott (NJD) for Roughing (Minor) at 19:32

3rd period

4. Devils , Jiri Hudler 6 (Zach Parise, Michael Frolik) at 7:02

Penalties :
Zach Parise (NJD) for Interference (Minor) at 9:19, Cody Franson (NJD) for Roughing (Minor) at 15:34

Overtime #1

No Goal

Penalties :
No Penalty

Shootout

Penalty Shot by Marc Savard for Canadiens - Goal!
Penalty Shot by Zach Parise for Devils - Stopped by Miika Kiprusoff
Penalty Shot by Patrick Sharp for Canadiens - Stopped by James Reimer
Penalty Shot by Jordan Eberle for Devils - Goal!
Penalty Shot by Marek Svatos for Canadiens - Goal!
Penalty Shot by Milan Michalek for Devils - Shot Misses the Net

Penalties :
No Penalty

Goalie Stats

Miika Kiprusoff (Mon), 26 saves from 28 shots - (0,929), W, 11-1-0, 65:00 minutes
James Reimer (NJD), 35 saves from 37 shots - (0,946), OTL, 6-7-4, 65:00 minutes

Players Stats for Canadiens

Player Name              G  A  P  +/- PIM S  H  SB GA TA FO     MP     PP MP  PK MP  
------------------------------------------------------------------------------------
Brooks Laich             0  0  0   1  0   0  0  1  1  0  8/17   15:09   0:00   2:03 
Cam Janssen              0  0  0  -1  0   0  1  0  0  1  1/2    10:22   0:00   0:00 
Dan Boyle                0  0  0  -1  0   3  1  2  1  0  0/0    26:42   6:07   0:00 
Dennis Wideman           0  2  2   1  0   2  0  2  2  1  0/0    31:15   6:06   2:38 
Devin Setoguchi          0  1  1   1  0   0  2  0  0  0  0/0    15:36   3:44   0:00 
Dustin Boyd              0  0  0   0  2   1  1  0  2  0  2/3    15:08   3:44   0:31 
Greg Stewart             0  0  0   0  0   1  1  0  0  0  1/1    12:08   0:00   0:57 
Jiri Fischer             0  0  0   1  0   2  0  0  1  1  0/0    23:18   0:00   1:20 
Josh Gorges              0  0  0  -1  0   5  1  1  0  0  0/0    21:28   3:55   1:20 
Ladislav Smid            0  0  0  -1  0   0  0  0  2  0  0/0    15:21   1:48   2:38 
Marc Savard              0  1  1  -1  0   4  2  0  0  0  20/31  22:03   6:17   0:00 
Marek Svatos             1  0  1  -1  0   5  2  0  1  1  1/4    19:33   6:17   0:00 
Matt Carle               0  0  0  -1  0   1  3  0  0  0  0/0    11:56   2:06   0:00 
Maxim Talbot             0  0  0  -1  0   2  0  0  1  1  2/5    13:27   0:00   1:12 
Patrick Sharp            0  0  0  -1  0   4  4  1  0  0  2/3    23:53   6:17   0:54 
Rene Bourque             0  0  0   0  0   3  1  1  0  0  0/1    10:19   0:00   1:12 
Riley Cote               0  0  0  -1  0   1  0  0  0  0  0/0    10:44   0:00   0:00 
Sergei Samsonov          1  0  1   1  2   3  1  2  0  0  1/2    17:38   3:44   1:07 

Players Stats for Devils

Player Name              G  A  P  +/- PIM S  H  SB GA TA FO     MP     PP MP  PK MP  
------------------------------------------------------------------------------------
Ben Lovejoy              0  0  0   0  0   2  1  1  0  2  0/0    25:21   1:35   4:01 
Brett Maclean            0  0  0   0  0   3  0  0  0  0  0/0    11:57   0:09   0:15 
Chris Mcallister         0  0  0   0  0   0  1  0  1  0  0/0     9:20   0:09   1:40 
Cody Franson             0  0  0  -1  2   1  0  0  0  1  0/0    16:58   2:23   0:00 
Dave Tanabe              0  0  0   0  0   1  2  3  0  2  0/0    25:43   0:00   6:00 
Evgeny Artyukhin         0  0  0   0  0   0  1  0  0  0  0/0     7:32   0:09   0:00 
Jiri Hudler              1  0  1   0  0   2  2  0  0  1  10/23  21:43   2:06   2:15 
Jordan Eberle            1  0  1   1  0   4  2  1  0  0  0/1    14:35   2:06   0:00 
Logan Couture            0  1  1   1  0   0  3  0  0  0  4/11   17:23   1:43   2:03 
Michael Frolik           0  1  1   0  0   2  2  2  2  0  0/0    18:19   1:43   0:00 
Mike Komisarek           0  0  0   1  0   1  0  0  0  0  0/0    20:05   0:00   4:07 
Mike Lundin              0  0  0   0  2   2  2  2  2  2  0/0    24:05   2:23   5:54 
Milan Michalek           0  0  0   1  0   2  0  0  0  1  1/1    20:38   1:43   6:25 
Oliver Ekman-Larsson     0  0  0   2  0   0  0  0  0  1  0/0    18:01   1:35   0:00 
Patrick Eaves            0  0  0   0  0   3  1  0  0  1  4/8    13:45   0:00   3:33 
Steve Ott                0  0  0   0  6   3  1  0  0  0  11/22  15:49   0:00   2:42 
Tyler Bozak              0  0  0   0  0   0  0  0  0  0  1/2     7:15   0:00   0:00 
Zach Parise              0  1  1   0  2   2  0  0  0  0  0/1    21:24   2:06   1:09 

3 Stars

1 - Jordan Eberle (NJD)
2 - James Reimer (NJD)
3 - Dennis Wideman (Mon)

Power Play

Canadiens - 1 on 6 Attempt(s) - 16,67%
Devils - 0 on 2 Attempt(s) - 0,00%

Penalty Kill

Canadiens - 2 on 2 Attempt(s) - 100,00% - Score 0 goal in Penalty Kill
Devils - 5 on 6 Attempt(s) - 83,33% - Score 0 goal in Penalty Kill

Team Stat

Canadiens - Hits : 20 - Faceoff Wins : 38 - Blocked Shots : 10 - Penalty Minutes : 4
Devils - Hits : 18 - Faceoff Wins : 31 - Blocked Shots : 9 - Penalty Minutes : 12

Official

Referees : Charron Francis and Furlatt Eric
Linesman : Mike Cvik and David Brisebois

Game Notes

Matt Carle is injured at 8:55 of 3rd period (Sore Right Knee)

Finance

Level 1 -- Attendance: 5877 (97,95%) -- Ticket Income 499 545 $
Level 2 -- Attendance: 5000 (100,00%) -- Ticket Income 260 000 $
Level 3 -- Attendance: 1756 (87,80%) -- Ticket Income 49 168 $
Level 4 -- Attendance: 3475 (86,88%) -- Ticket Income 69 500 $
Luxury Box -- Attendance: 749 (74,90%) -- Ticket Income 127 330 $
Game was played at the The prudential Center'
Total Attendance: 16857 (93,65%)
Total Ticket Income: 1 005 543 $
Other Income: 150 831 $
Total Income: 1 156 374 $

Canadiens

5 vs 5 Forward 
   Center                   Left Wing                Right Wing               Time % Phy DF OF 
 1 Marc Savard              Patrick Sharp            Marek Svatos             40     1   2  2  
 2 Brooks Laich             Sergei Samsonov          Devin Setoguchi          30     1   2  2  
 3 Dustin Boyd              Greg Stewart             Rene Bourque             20     1   2  2  
 4 Maxim Talbot             Riley Cote               Cam Janssen              10     1   2  2  

5 vs 5 Defense 
   Defense                  Defense                                           Time % Phy DF OF 
 1 Jiri Fischer             Dennis Wideman                                    40     1   2  2  
 2 Josh Gorges              Dan Boyle                                         30     1   2  2  
 3 Ladislav Smid            Matt Carle                                        20     1   2  2  
 4 Dan Boyle                Dennis Wideman                                    10     1   2  2  

PowerPlay Forward 
   Center                   Left Wing                Right Wing               Time % Phy DF OF 
 1 Marc Savard              Patrick Sharp            Marek Svatos             60     1   2  2  
 2 Dustin Boyd              Sergei Samsonov          Devin Setoguchi          40     1   2  2  

PowerPlay Defense
   Defense                  Defense                                           Time % Phy DF OF 
 1 Dan Boyle                Dennis Wideman                                    60     1   2  2  
 2 Josh Gorges              Matt Carle                                        40     1   2  2  

Penalty Kill 4 Players Forward 
   Center                   Wing                     Time % Phy DF OF 
 1 Brooks Laich             Sergei Samsonov          60     1   2  2  
 2 Maxim Talbot             Rene Bourque             40     1   2  2  

Penalty Kill 4 Players Defense
   Defense                  Defense                  Time % Phy DF OF 
 1 Ladislav Smid            Dennis Wideman           60     1   2  2  
 2 Josh Gorges              Jiri Fischer             40     1   2  2  

Penalty Kill - 3 Players Forward 
   Forward                                           Time % Phy DF OF 
 1 Brooks Laich                                      60     1   2  2  
 2 Maxim Talbot                                      40     1   2  2  

Penalty Kill - 3 Players Defense
   Defense                  Defense                  Time % Phy DF OF 
 1 Ladislav Smid            Dennis Wideman           60     1   2  2  
 2 Josh Gorges              Jiri Fischer             40     1   2  2  

4 vs 4 Forward 
   Center                   Wing                     Time % Phy DF OF 
 1 Marc Savard              Patrick Sharp            60     1   2  2  
 2 Dustin Boyd              Greg Stewart             40     1   2  2  

4 vs 4 Defense
   Defense                  Defense                  Time % Phy DF OF 
 1 Dan Boyle                Dennis Wideman           60     1   2  2  
 2 Josh Gorges              Jiri Fischer             40     1   2  2  

Last Minutes Offensive
   Center                   Left Wing                Right Wing               Defense                  Defense                  
   Marc Savard              Patrick Sharp            Marek Svatos             Dan Boyle                Dennis Wideman           

Last Minutes Defensive
   Center                   Left Wing                Right Wing               Defense                  Defense                  
   Marc Savard              Patrick Sharp            Marek Svatos             Josh Gorges              Dennis Wideman           

Goaltenders
Starting : Miika Kiprusoff          
Backup : Jonathan Bernier         

Extra Forwards
Normal : Maxim Talbot, Greg Stewart, Dustin Boyd - PP : Brooks Laich, Rene Bourque - PK : Patrick Sharp
Extra Defensemen
Normal : Ladislav Smid, Matt Carle, Jiri Fischer - PP : Ladislav Smid - PK : Matt Carle, Dan Boyle
Penalty Shots
Marc Savard, Patrick Sharp, Marek Svatos, Sergei Samsonov, Devin Setoguchi

Devils

5 vs 5 Forward 
   Center                   Left Wing                Right Wing               Time % Phy DF OF 
 1 Jiri Hudler              Zach Parise              Michael Frolik           40     1   2  2  
 2 Logan Couture            Milan Michalek           Jordan Eberle            30     1   2  2  
 3 Steve Ott                Brett Maclean            Patrick Eaves            20     1   2  2  
 4 Tyler Bozak              Chris Mcallister         Evgeny Artyukhin         10     1   2  2  

5 vs 5 Defense 
   Defense                  Defense                                           Time % Phy DF OF 
 1 Ben Lovejoy              Dave Tanabe                                       40     1   2  2  
 2 Cody Franson             Mike Lundin                                       30     1   2  2  
 3 Mike Komisarek           Oliver Ekman-Larsson                              20     1   2  2  
 4 Mike Lundin              Oliver Ekman-Larsson                              10     1   2  2  

PowerPlay Forward 
   Center                   Left Wing                Right Wing               Time % Phy DF OF 
 1 Jiri Hudler              Zach Parise              Jordan Eberle            60     0   2  3  
 2 Logan Couture            Milan Michalek           Michael Frolik           40     0   2  3  

PowerPlay Defense
   Defense                  Defense                                           Time % Phy DF OF 
 1 Oliver Ekman-Larsson     Ben Lovejoy                                       60     0   2  3  
 2 Mike Lundin              Cody Franson                                      40     0   2  3  

Penalty Kill 4 Players Forward 
   Center                   Wing                     Time % Phy DF OF 
 1 Steve Ott                Milan Michalek           60     1   2  2  
 2 Jiri Hudler              Zach Parise              40     1   2  2  

Penalty Kill 4 Players Defense
   Defense                  Defense                  Time % Phy DF OF 
 1 Mike Lundin              Dave Tanabe              60     1   2  2  
 2 Ben Lovejoy              Mike Komisarek           40     1   2  2  

Penalty Kill - 3 Players Forward 
   Forward                                           Time % Phy DF OF 
 1 Zach Parise                                       60     1   2  2  
 2 Chris Mcallister                                  40     1   2  2  

Penalty Kill - 3 Players Defense
   Defense                  Defense                  Time % Phy DF OF 
 1 Mike Lundin              Dave Tanabe              60     1   2  2  
 2 Ben Lovejoy              Mike Komisarek           40     1   2  2  

4 vs 4 Forward 
   Center                   Wing                     Time % Phy DF OF 
 1 Steve Ott                Zach Parise              60     1   2  2  
 2 Jiri Hudler              Michael Frolik           40     1   2  2  

4 vs 4 Defense
   Defense                  Defense                  Time % Phy DF OF 
 1 Mike Komisarek           Dave Tanabe              60     1   2  2  
 2 Ben Lovejoy              Mike Komisarek           40     1   2  2  

Last Minutes Offensive
   Center                   Left Wing                Right Wing               Defense                  Defense                  
   Jiri Hudler              Zach Parise              Michael Frolik           Cody Franson             Ben Lovejoy              

Last Minutes Defensive
   Center                   Left Wing                Right Wing               Defense                  Defense                  
   Jiri Hudler              Zach Parise              Michael Frolik           Dave Tanabe              Mike Komisarek           

Goaltenders
Starting : James Reimer             
Backup : Evgeni Nabokov           

Extra Forwards
Normal : Logan Couture, Brett Maclean, Patrick Eaves - PP : Brett Maclean, Jiri Hudler - PK : Patrick Eaves
Extra Defensemen
Normal : Oliver Ekman-Larsson, Cody Franson, Dave Tanabe - PP : Oliver Ekman-Larsson - PK : Mike Komisarek, Dave Tanabe
Penalty Shots
Zach Parise, Jordan Eberle, Milan Michalek, Michael Frolik, Jiri Hudler

% Time on Ice - Canadiens

Lines # - Real PCT - Wanted PCT - Time Play
Normal Forward
1 - 31% - 40% - 14:12
2 - 27% - 30% - 12:27
3 - 20% - 20% - 9:00
4 - 23% - 10% - 10:22
Normal Defense
1 - 41% - 40% - 18:50
2 - 31% - 30% - 14:18
3 - 21% - 20% - 9:47
4 - 7% - 10% - 3:06
PP Forward
1 - 63% - 60% - 6:17
2 - 37% - 40% - 3:44
PP Defense
1 - 61% - 60% - 6:06
2 - 39% - 40% - 3:55
PK Forward
1 - 70% - 60% - 2:46
2 - 30% - 40% - 1:12
PK Defense
1 - 66% - 60% - 2:38
2 - 34% - 40% - 1:20
PK3 Forward
1 - 0% - 60%
2 - 0% - 40%
PK3 Defense
1 - 0% - 60%
2 - 0% - 40%
44 Forward
1 - 85% - 60% - 4:14
2 - 15% - 40% - 0:46
44 Defense
1 - 62% - 60% - 3:07
2 - 38% - 40% - 1:53
Last Minute Offensive  - 0:00
Last Minute Defensive  - 0:00
Total
Forward - 65:00
Defense - 65:00

% Time on Ice - Devils

Lines # - Real PCT - Wanted PCT - Time Play
Normal Forward
1 - 35% - 40% - 15:55
2 - 28% - 30% - 13:06
3 - 21% - 20% - 9:45
4 - 16% - 10% - 7:15
Normal Defense
1 - 38% - 40% - 17:19
2 - 31% - 30% - 14:28
3 - 24% - 20% - 11:05
4 - 7% - 10% - 3:09
PP Forward
1 - 57% - 60% - 2:15
2 - 43% - 40% - 1:43
PP Defense
1 - 40% - 60% - 1:35
2 - 60% - 40% - 2:23
PK Forward
1 - 81% - 60% - 8:05
2 - 19% - 40% - 1:56
PK Defense
1 - 60% - 60% - 6:00
2 - 40% - 40% - 4:01
PK3 Forward
1 - 0% - 60%
2 - 0% - 40%
PK3 Defense
1 - 0% - 60%
2 - 0% - 40%
44 Forward
1 - 72% - 60% - 3:35
2 - 28% - 40% - 1:25
44 Defense
1 - 68% - 60% - 3:23
2 - 32% - 40% - 1:37
Last Minute Offensive  - 0:00
Last Minute Defensive  - 0:00
Total
Forward - 65:00
Defense - 65:00

Play by Play

1st period


0:01 of 1st period - Marc Savard wins face-off versus Jiri Hudler in neutral zone.
1:31 of 1st period - Mike Lundin is hit by Dan Boyle and loses puck.
1:51 of 1st period - Off-side.
1:52 of 1st period - Logan Couture wins face-off versus Brooks Laich in neutral zone.
2:19 of 1st period - Snap shot by Zach Parise.
2:19 of 1st period - Shot Misses the Net.
3:42 of 1st period - Wrist shot by Maxim Talbot.
3:42 of 1st period - Stopped by James Reimer with a rebound.
3:44 of 1st period - Slapshot by Jiri Fischer.
3:44 of 1st period - Shot Misses the Net.
3:46 of 1st period - Slapshot by Josh Gorges.
3:46 of 1st period - Stopped by James Reimer with a rebound.
3:48 of 1st period - Slapshot by Josh Gorges.
3:48 of 1st period - Shot Misses the Net.
3:50 of 1st period - Backhand shot by Riley Cote.
3:50 of 1st period - Stopped by James Reimer with a rebound.
5:02 of 1st period - Slapshot by Zach Parise.
5:02 of 1st period - Shot Blocked by Dan Boyle.
5:10 of 1st period - Snap shot by Michael Frolik.
5:10 of 1st period - Shot Blocked by Dan Boyle.
5:12 of 1st period - Slapshot by Dave Tanabe.
5:12 of 1st period - Stopped by Miika Kiprusoff without a rebound.
5:13 of 1st period - Logan Couture wins face-off versus Marc Savard in Canadiens zone.
5:14 of 1st period - Slapshot by Jordan Eberle.
5:14 of 1st period - Goal by Jordan Eberle - Canadiens : 0 - Devils : 1.
5:15 of 1st period - Marc Savard wins face-off versus Logan Couture in neutral zone.
5:22 of 1st period - Slapshot by Patrick Sharp.
5:22 of 1st period - Stopped by James Reimer without a rebound.
5:23 of 1st period - Logan Couture wins face-off versus Marek Svatos in Devils zone.
5:23 of 1st period - Logan Couture is hit by Marek Svatos.
5:37 of 1st period - Snap shot by Milan Michalek.
5:37 of 1st period - Shot Misses the Net.
6:01 of 1st period - Wrist shot by Jordan Eberle.
6:01 of 1st period - Stopped by Miika Kiprusoff with a rebound.
6:12 of 1st period - Wrist shot by Marek Svatos.
6:12 of 1st period - Stopped by James Reimer without a rebound.
6:13 of 1st period - Steve Ott wins face-off versus Brooks Laich in Devils zone.
6:46 of 1st period - Off-side.
6:47 of 1st period - Tyler Bozak wins face-off versus Brooks Laich in neutral zone.
7:01 of 1st period - Minor Penalty to Sergei Samsonov for High sticking.
7:02 of 1st period - Brooks Laich wins face-off versus Jiri Hudler in Canadiens zone.
8:23 of 1st period - Snap shot by Michael Frolik.
8:23 of 1st period - Shot Misses the Net.
9:01 of 1st period - Penalty to Sergei Samsonov is over, Sergei Samsonov is back on ice.
9:31 of 1st period - Sergei Samsonov is hit by Evgeny Artyukhin and loses puck.
9:35 of 1st period - Icing by Josh Gorges.
9:36 of 1st period - Brooks Laich wins face-off versus Tyler Bozak in Canadiens zone.
10:15 of 1st period - Icing by Oliver Ekman-Larsson.
10:16 of 1st period - Maxim Talbot wins face-off versus Jiri Hudler in Devils zone.
10:54 of 1st period - Minor Penalty to Dustin Boyd for High sticking.
10:55 of 1st period - Jiri Hudler wins face-off versus Brooks Laich in Canadiens zone.
10:57 of 1st period - Snap shot by Zach Parise.
10:57 of 1st period - Stopped by Miika Kiprusoff without a rebound.
10:58 of 1st period - Jiri Hudler wins face-off versus Brooks Laich in Canadiens zone.
10:59 of 1st period - Snap shot by Jordan Eberle.
10:59 of 1st period - Shot Misses the Net.
12:54 of 1st period - Penalty to Dustin Boyd is over, Dustin Boyd is back on ice.
13:32 of 1st period - Dave Tanabe is hit by Rene Bourque and loses puck.
14:05 of 1st period - Cody Franson is hit by Patrick Sharp and loses puck.
14:52 of 1st period - Brett Maclean is hit by Cam Janssen and loses puck.
15:07 of 1st period - Oliver Ekman-Larsson is hit by Sergei Samsonov and loses puck.
15:58 of 1st period - Matt Carle is hit by Michael Frolik and loses puck.
17:12 of 1st period - Slapshot by Ben Lovejoy.
17:12 of 1st period - Stopped by Miika Kiprusoff with a rebound.
17:24 of 1st period - Slapshot by Dan Boyle.
17:24 of 1st period - Stopped by James Reimer with a rebound.
17:43 of 1st period - Slapshot by Josh Gorges.
17:43 of 1st period - Stopped by James Reimer without a rebound.
17:44 of 1st period - Cam Janssen wins face-off versus Jiri Hudler in Devils zone.
18:54 of 1st period - Snap shot by Cam Janssen.
18:54 of 1st period - Deflect By Maxim Talbot.
18:54 of 1st period - Shot Blocked by Jordan Eberle.
18:54 of 1st period - Puck is out of play.
18:55 of 1st period - Brooks Laich wins face-off versus Jiri Hudler in Devils zone.
18:56 of 1st period - Wrist shot by Sergei Samsonov.
18:56 of 1st period - Shot Blocked by Michael Frolik.
18:58 of 1st period - Snap shot by Josh Gorges.
18:58 of 1st period - Stopped by James Reimer without a rebound.
18:59 of 1st period - Brooks Laich wins face-off versus Jiri Hudler in Devils zone.
19:06 of 1st period - Snap shot by Sergei Samsonov.
19:06 of 1st period - Shot Misses the Net.
19:08 of 1st period - Slapshot by Josh Gorges.
19:08 of 1st period - Stopped by James Reimer without a rebound.
19:09 of 1st period - Marc Savard wins face-off versus Jiri Hudler in Devils zone.
19:12 of 1st period - Snap shot by Marc Savard.
19:12 of 1st period - Shot Misses the Net.
19:14 of 1st period - Slapshot by Jiri Fischer.
19:14 of 1st period - Stopped by James Reimer without a rebound.
19:15 of 1st period - Marc Savard wins face-off versus Jiri Hudler in Devils zone.
19:22 of 1st period - Wrist shot by Patrick Sharp.
19:22 of 1st period - Shot Misses the Net.
19:24 of 1st period - Wrist shot by Marc Savard.
19:24 of 1st period - Shot Misses the Net.
19:30 of 1st period - Wrist shot by Marek Svatos.
19:30 of 1st period - Stopped by James Reimer without a rebound.
19:31 of 1st period - Brooks Laich wins face-off versus Logan Couture in Devils zone.
19:32 of 1st period - Wrist shot by Sergei Samsonov.
19:32 of 1st period - Stopped by James Reimer without a rebound.
19:33 of 1st period - Brooks Laich wins face-off versus Logan Couture in Devils zone.
19:41 of 1st period - Minor Penalty to Mike Lundin for Tripping.
19:42 of 1st period - Marc Savard wins face-off versus Steve Ott in Devils zone.
19:45 of 1st period - Snap shot by Dennis Wideman.
19:45 of 1st period - Stopped by James Reimer with a rebound.
19:47 of 1st period - Snap shot by Marc Savard.
19:47 of 1st period - Deflect By Marek Svatos.
19:47 of 1st period - Goal by Marek Svatos - Canadiens : 1 - Devils : 1.
19:48 of 1st period - Jiri Hudler wins face-off versus Brooks Laich in neutral zone.
Goals for this period are 1 for Canadiens vs 1 for Devils.
Shots for this period are 14 for Canadiens vs 5 for Devils.

2nd period


0:01 of 2nd period - Patrick Sharp wins face-off versus Jiri Hudler in neutral zone.
0:14 of 2nd period - Slapshot by Marc Savard.
0:14 of 2nd period - Stopped by James Reimer with a rebound.
0:48 of 2nd period - Icing by Dave Tanabe.
0:49 of 2nd period - Steve Ott wins face-off versus Rene Bourque in Devils zone.
0:58 of 2nd period - Slapshot by Ben Lovejoy.
0:58 of 2nd period - Stopped by Miika Kiprusoff with a rebound.
1:16 of 2nd period - Slapshot by Ben Lovejoy.
1:16 of 2nd period - Shot Misses the Net.
1:36 of 2nd period - Wrist shot by Logan Couture.
1:36 of 2nd period - Shot Blocked by Brooks Laich.
1:54 of 2nd period - Chris Mcallister is hit by Matt Carle and loses puck.
2:11 of 2nd period - Chris Mcallister is hit by Marc Savard and loses puck.
2:40 of 2nd period - Slapshot by Jiri Hudler.
2:40 of 2nd period - Stopped by Miika Kiprusoff without a rebound.
2:41 of 2nd period - Marc Savard wins face-off versus Jiri Hudler in Canadiens zone.
3:49 of 2nd period - Dennis Wideman is hit by Ben Lovejoy and loses puck.
4:16 of 2nd period - Wrist shot by Michael Frolik.
4:16 of 2nd period - Stopped by Miika Kiprusoff with a rebound.
4:18 of 2nd period - Wrist shot by Michael Frolik.
4:18 of 2nd period - Shot Blocked by Sergei Samsonov.
4:42 of 2nd period - Snap shot by Patrick Sharp.
4:42 of 2nd period - Stopped by James Reimer with a rebound.
4:44 of 2nd period - Wrist shot by Patrick Sharp.
4:44 of 2nd period - Stopped by James Reimer without a rebound.
4:45 of 2nd period - Steve Ott wins face-off versus Marc Savard in Devils zone.
4:47 of 2nd period - Minor Penalty to Steve Ott for Tripping.
4:48 of 2nd period - Patrick Sharp wins face-off versus Patrick Eaves in Devils zone.
6:47 of 2nd period - Penalty to Steve Ott is over, Steve Ott is back on ice.
8:22 of 2nd period - Icing by Riley Cote.
8:23 of 2nd period - Milan Michalek wins face-off versus Cam Janssen in Canadiens zone.
8:26 of 2nd period - Snap shot by Jordan Eberle.
8:26 of 2nd period - Shot Blocked by Dennis Wideman.
8:32 of 2nd period - Wrist shot by Jordan Eberle.
8:32 of 2nd period - Stopped by Miika Kiprusoff with a rebound.
8:41 of 2nd period - Minor Penalty to Steve Ott for Diving.
8:42 of 2nd period - Marc Savard wins face-off versus Patrick Eaves in Devils zone.
8:58 of 2nd period - Slapshot by Matt Carle.
8:58 of 2nd period - Shot Blocked by Dave Tanabe.
9:08 of 2nd period - Josh Gorges is hit by Logan Couture and loses puck.
10:41 of 2nd period - Penalty to Steve Ott is over, Steve Ott is back on ice.
10:46 of 2nd period - Snap shot by Zach Parise.
10:46 of 2nd period - Shot Misses the Net.
11:12 of 2nd period - Slapshot by Matt Carle.
11:12 of 2nd period - Stopped by James Reimer with a rebound.
11:24 of 2nd period - Wrist shot by Rene Bourque.
11:24 of 2nd period - Stopped by James Reimer with a rebound.
11:26 of 2nd period - Snap shot by Rene Bourque.
11:26 of 2nd period - Shot Misses the Net.
11:28 of 2nd period - Snap shot by Greg Stewart.
11:28 of 2nd period - Shot Blocked by Mike Lundin.
11:30 of 2nd period - Slapshot by Dennis Wideman.
11:30 of 2nd period - Stopped by James Reimer with a rebound.
11:32 of 2nd period - Snap shot by Rene Bourque.
11:32 of 2nd period - Shot Misses the Net.
11:34 of 2nd period - Snap shot by Rene Bourque.
11:34 of 2nd period - Stopped by James Reimer with a rebound.
12:32 of 2nd period - Marc Savard is hit by Jiri Hudler and loses puck.
12:47 of 2nd period - Backhand shot by Milan Michalek.
12:47 of 2nd period - Stopped by Miika Kiprusoff with a rebound.
13:15 of 2nd period - Brooks Laich is hit by Mike Lundin and loses puck.
13:44 of 2nd period - Snap shot by Maxim Talbot.
13:44 of 2nd period - Stopped by James Reimer without a rebound.
13:45 of 2nd period - Marc Savard wins face-off versus Logan Couture in Devils zone.
13:58 of 2nd period - Patrick Sharp is hit by Jordan Eberle and loses puck.
14:25 of 2nd period - Snap shot by Dustin Boyd.
14:25 of 2nd period - Stopped by James Reimer without a rebound.
14:26 of 2nd period - Steve Ott wins face-off versus Brooks Laich in Devils zone.
14:51 of 2nd period - Sergei Samsonov is hit by Jordan Eberle.
15:17 of 2nd period - Mike Lundin is hit by Matt Carle and loses puck.
15:54 of 2nd period - Slapshot by Rene Bourque.
15:54 of 2nd period - Deflect By Cam Janssen.
15:54 of 2nd period - Shot Misses the Net.
15:54 of 2nd period - Puck is out of play.
15:55 of 2nd period - Steve Ott wins face-off versus Maxim Talbot in Devils zone.
16:26 of 2nd period - Snap shot by Marc Savard.
16:26 of 2nd period - Stopped by James Reimer with a rebound.
17:27 of 2nd period - Slapshot by Patrick Eaves.
17:27 of 2nd period - Stopped by Miika Kiprusoff without a rebound.
17:28 of 2nd period - Steve Ott wins face-off versus Marc Savard in Canadiens zone.
18:01 of 2nd period - Snap shot by Patrick Eaves.
18:01 of 2nd period - Stopped by Miika Kiprusoff with a rebound.
18:03 of 2nd period - Slapshot by Dave Tanabe.
18:03 of 2nd period - Shot Blocked by Patrick Sharp.
18:15 of 2nd period - Wrist shot by Brett Maclean.
18:15 of 2nd period - Stopped by Miika Kiprusoff without a rebound.
18:16 of 2nd period - Jiri Hudler wins face-off versus Brooks Laich in Canadiens zone.
18:29 of 2nd period - Snap shot by Sergei Samsonov.
18:29 of 2nd period - Goal by Sergei Samsonov - Canadiens : 2 - Devils : 1.
18:30 of 2nd period - Jiri Hudler wins face-off versus Marek Svatos in neutral zone.
19:08 of 2nd period - Wrist shot by Cody Franson.
19:08 of 2nd period - Shot Blocked by Dennis Wideman.
19:32 of 2nd period - Minor Penalty to Steve Ott for Roughing.
19:33 of 2nd period - Patrick Eaves wins face-off versus Marc Savard in Devils zone.
19:47 of 2nd period - Slapshot by Dan Boyle.
19:47 of 2nd period - Shot Misses the Net.
19:49 of 2nd period - Snap shot by Patrick Sharp.
19:49 of 2nd period - Shot Blocked by Mike Lundin.
Goals for this period are 1 for Canadiens vs 0 for Devils.
Shots for this period are 11 for Canadiens vs 8 for Devils.

3rd period


0:01 of 3rd period - Marc Savard wins face-off versus Patrick Eaves in neutral zone.
0:08 of 3rd period - Slapshot by Dan Boyle.
0:08 of 3rd period - Stopped by James Reimer without a rebound.
0:09 of 3rd period - Patrick Eaves wins face-off versus Marc Savard in Devils zone.
0:22 of 3rd period - Wrist shot by Milan Michalek.
0:22 of 3rd period - Deflect By Patrick Eaves.
0:22 of 3rd period - Shot Misses the Net.
0:22 of 3rd period - Puck is out of play.
0:23 of 3rd period - Patrick Eaves wins face-off versus Patrick Sharp in Canadiens zone.
0:29 of 3rd period - Icing by Dan Boyle.
0:30 of 3rd period - Patrick Eaves wins face-off versus Marc Savard in Canadiens zone.
0:37 of 3rd period - Snap shot by Milan Michalek.
0:37 of 3rd period - Stopped by Miika Kiprusoff without a rebound.
0:38 of 3rd period - Marc Savard wins face-off versus Patrick Eaves in Canadiens zone.
0:45 of 3rd period - Wrist shot by Patrick Sharp.
0:45 of 3rd period - Stopped by James Reimer with a rebound.
1:05 of 3rd period - Dan Boyle is hit by Dave Tanabe.
1:09 of 3rd period - Dustin Boyd is hit by Logan Couture and loses puck.
1:32 of 3rd period - Penalty to Steve Ott is over, Steve Ott is back on ice.
1:52 of 3rd period - Icing by Michael Frolik.
1:53 of 3rd period - Marc Savard wins face-off versus Jiri Hudler in Devils zone.
2:08 of 3rd period - Snap shot by Marc Savard.
2:08 of 3rd period - Deflect By Marek Svatos.
2:08 of 3rd period - Shot Blocked by Michael Frolik.
2:08 of 3rd period - Puck is out of play.
2:09 of 3rd period - Logan Couture wins face-off versus Brooks Laich in Devils zone.
2:18 of 3rd period - Jordan Eberle is hit by Josh Gorges and loses puck.
2:58 of 3rd period - Wrist shot by Patrick Eaves.
2:58 of 3rd period - Stopped by Miika Kiprusoff without a rebound.
2:59 of 3rd period - Greg Stewart wins face-off versus Steve Ott in Canadiens zone.
3:02 of 3rd period - Wrist shot by Brett Maclean.
3:02 of 3rd period - Stopped by Miika Kiprusoff without a rebound.
3:03 of 3rd period - Marc Savard wins face-off versus Steve Ott in Canadiens zone.
3:42 of 3rd period - Steve Ott is hit by Devin Setoguchi and loses puck.
4:35 of 3rd period - Wrist shot by Maxim Talbot.
4:35 of 3rd period - Shot Misses the Net.
4:48 of 3rd period - Jordan Eberle is hit by Matt Carle and loses puck.
4:57 of 3rd period - Snap shot by Ben Lovejoy.
4:57 of 3rd period - Shot Blocked by Sergei Samsonov.
5:09 of 3rd period - Snap shot by Jordan Eberle.
5:09 of 3rd period - Stopped by Miika Kiprusoff with a rebound.
5:45 of 3rd period - Snap shot by Dustin Boyd.
5:45 of 3rd period - Shot Misses the Net.
6:48 of 3rd period - Snap shot by Maxim Talbot.
6:48 of 3rd period - Deflect By Cam Janssen.
6:48 of 3rd period - Shot Misses the Net.
6:48 of 3rd period - Puck is out of play.
6:49 of 3rd period - Jiri Hudler wins face-off versus Maxim Talbot in Devils zone.
7:00 of 3rd period - Wrist shot by Zach Parise.
7:00 of 3rd period - Stopped by Miika Kiprusoff with a rebound.
7:02 of 3rd period - Wrist shot by Jiri Hudler.
7:02 of 3rd period - Goal by Jiri Hudler - Canadiens : 2 - Devils : 2.
7:03 of 3rd period - Marek Svatos wins face-off versus Jiri Hudler in neutral zone.
7:23 of 3rd period - Jiri Hudler is hit by Marek Svatos and loses puck.
7:38 of 3rd period - Wrist shot by Steve Ott.
7:38 of 3rd period - Stopped by Miika Kiprusoff with a rebound.
7:40 of 3rd period - Snap shot by Patrick Eaves.
7:40 of 3rd period - Shot Misses the Net.
8:38 of 3rd period - Snap shot by Marc Savard.
8:38 of 3rd period - Stopped by James Reimer with a rebound.
8:40 of 3rd period - Wrist shot by Marc Savard.
8:40 of 3rd period - Shot Misses the Net.
8:54 of 3rd period - Matt Carle is hit by Patrick Eaves and loses puck.
8:55 of 3rd period - Matt Carle from Canadiens is injured at 8:55 of 3rd period (Sore Right Knee).
8:56 of 3rd period - Jiri Hudler wins face-off versus Marc Savard in Canadiens zone.
9:19 of 3rd period - Minor Penalty to Zach Parise for Interference.
9:20 of 3rd period - Steve Ott wins face-off versus Marek Svatos in Devils zone.
9:20 of 3rd period - Steve Ott is hit by Patrick Sharp.
9:26 of 3rd period - Slapshot by Mike Lundin.
9:26 of 3rd period - Stopped by Miika Kiprusoff without a rebound.
9:27 of 3rd period - Marc Savard wins face-off versus Steve Ott in Canadiens zone.
9:38 of 3rd period - Slapshot by Dennis Wideman.
9:38 of 3rd period - Deflect By Marc Savard.
9:38 of 3rd period - Stopped by James Reimer without a rebound.
9:39 of 3rd period - Marc Savard wins face-off versus Steve Ott in Devils zone.
9:46 of 3rd period - Slapshot by Marek Svatos.
9:46 of 3rd period - Shot Misses the Net.
9:48 of 3rd period - Snap shot by Dan Boyle.
9:48 of 3rd period - Shot Blocked by Dave Tanabe.
9:50 of 3rd period - Wrist shot by Marek Svatos.
9:50 of 3rd period - Stopped by James Reimer with a rebound.
10:06 of 3rd period - Dennis Wideman is hit by Mike Lundin and loses puck.
10:29 of 3rd period - Wrist shot by Patrick Eaves.
10:29 of 3rd period - Shot Hit the Post.
11:19 of 3rd period - Penalty to Zach Parise is over, Zach Parise is back on ice.
11:29 of 3rd period - Cam Janssen is hit by Chris Mcallister.
12:09 of 3rd period - Slapshot by Mike Lundin.
12:09 of 3rd period - Deflect By Maxim Talbot.
12:09 of 3rd period - Stopped by Miika Kiprusoff with a rebound.
12:11 of 3rd period - Slapshot by Cody Franson.
12:11 of 3rd period - Deflect By Patrick Eaves.
12:11 of 3rd period - Shot Misses the Net.
12:11 of 3rd period - Puck is out of play.
12:12 of 3rd period - Maxim Talbot wins face-off versus Steve Ott in Canadiens zone.
13:10 of 3rd period - Snap shot by Dustin Boyd.
13:10 of 3rd period - Shot Misses the Net.
13:12 of 3rd period - Wrist shot by Rene Bourque.
13:12 of 3rd period - Stopped by James Reimer without a rebound.
13:13 of 3rd period - Dustin Boyd wins face-off versus Logan Couture in Devils zone.
13:14 of 3rd period - Snap shot by Greg Stewart.
13:14 of 3rd period - Stopped by James Reimer without a rebound.
13:15 of 3rd period - Jiri Hudler wins face-off versus Dustin Boyd in Devils zone.
13:28 of 3rd period - Dan Boyle is hit by Michael Frolik and loses puck.
14:10 of 3rd period - Off-side.
14:11 of 3rd period - Sergei Samsonov wins face-off versus Jiri Hudler in neutral zone.
14:16 of 3rd period - Snap shot by Brooks Laich.
14:16 of 3rd period - Shot Misses the Net.
14:18 of 3rd period - Snap shot by Jiri Fischer.
14:18 of 3rd period - Stopped by James Reimer without a rebound.
14:19 of 3rd period - Jiri Hudler wins face-off versus Sergei Samsonov in Devils zone.
14:19 of 3rd period - Jiri Hudler is hit by Devin Setoguchi.
14:41 of 3rd period - Snap shot by Sergei Samsonov.
14:41 of 3rd period - Stopped by James Reimer without a rebound.
14:42 of 3rd period - Marc Savard wins face-off versus Jordan Eberle in Devils zone.
15:14 of 3rd period - Slapshot by Brett Maclean.
15:14 of 3rd period - Stopped by Miika Kiprusoff with a rebound.
15:34 of 3rd period - Minor Penalty to Cody Franson for Roughing.
15:35 of 3rd period - Marc Savard wins face-off versus Steve Ott in Devils zone.
15:45 of 3rd period - Slapshot by Dan Boyle.
15:45 of 3rd period - Stopped by James Reimer without a rebound.
15:46 of 3rd period - Marc Savard wins face-off versus Steve Ott in Devils zone.
16:15 of 3rd period - Zach Parise is hit by Dustin Boyd and loses puck.
16:20 of 3rd period - Snap shot by Dustin Boyd.
16:20 of 3rd period - Shot Misses the Net.
16:22 of 3rd period - Snap shot by Dustin Boyd.
16:22 of 3rd period - Shot Blocked by Dave Tanabe.
16:24 of 3rd period - Slapshot by Dennis Wideman.
16:24 of 3rd period - Deflect By Devin Setoguchi.
16:24 of 3rd period - Shot Hit the Post.
16:24 of 3rd period - Puck is out of play.
16:25 of 3rd period - Marc Savard wins face-off versus Steve Ott in Devils zone.
16:26 of 3rd period - Snap shot by Patrick Sharp.
16:26 of 3rd period - Shot Misses the Net.
16:28 of 3rd period - Snap shot by Josh Gorges.
16:28 of 3rd period - Stopped by James Reimer without a rebound.
16:29 of 3rd period - Marc Savard wins face-off versus Steve Ott in Devils zone.
16:34 of 3rd period - Wrist shot by Marek Svatos.
16:34 of 3rd period - Stopped by James Reimer without a rebound.
16:35 of 3rd period - Steve Ott wins face-off versus Marc Savard in Devils zone.
17:34 of 3rd period - Penalty to Cody Franson is over, Cody Franson is back on ice.
17:35 of 3rd period - Zach Parise is hit by Patrick Sharp and loses puck.
18:58 of 3rd period - Icing by Devin Setoguchi.
18:59 of 3rd period - Brooks Laich wins face-off versus Logan Couture in Canadiens zone.
19:19 of 3rd period - Slapshot by Cody Franson.
19:19 of 3rd period - Stopped by Miika Kiprusoff without a rebound.
19:20 of 3rd period - Dustin Boyd wins face-off versus Steve Ott in Canadiens zone.
19:20 of 3rd period - Dustin Boyd is hit by Steve Ott.
19:34 of 3rd period - Snap shot by Mike Komisarek.
19:34 of 3rd period - Stopped by Miika Kiprusoff with a rebound.
19:36 of 3rd period - Wrist shot by Steve Ott.
19:36 of 3rd period - Shot Misses the Net.
19:38 of 3rd period - Slapshot by Oliver Ekman-Larsson.
19:38 of 3rd period - Deflect By Steve Ott.
19:38 of 3rd period - Stopped by Miika Kiprusoff with a rebound.
19:40 of 3rd period - Snap shot by Brett Maclean.
19:40 of 3rd period - Shot Misses the Net.
19:42 of 3rd period - Slapshot by Mike Komisarek.
19:42 of 3rd period - Shot Blocked by Josh Gorges.
19:44 of 3rd period - Slapshot by Brett Maclean.
19:44 of 3rd period - Shot Blocked by Rene Bourque.
19:46 of 3rd period - Snap shot by Steve Ott.
19:46 of 3rd period - Stopped by Miika Kiprusoff without a rebound.
19:47 of 3rd period - Brooks Laich wins face-off versus Logan Couture in Canadiens zone.
19:47 of 3rd period - Brooks Laich is hit by Logan Couture.
Goals for this period are 0 for Canadiens vs 1 for Devils.
Shots for this period are 12 for Canadiens vs 14 for Devils.

Overtime #1


0:01 of 1st overtime period - Steve Ott wins face-off versus Marc Savard in neutral zone.
0:08 of 1st overtime period - Slapshot by Zach Parise.
0:08 of 1st overtime period - Shot Misses the Net.
0:18 of 1st overtime period - Mike Komisarek is hit by Marc Savard and loses puck.
0:49 of 1st overtime period - Slapshot by Mike Komisarek.
0:49 of 1st overtime period - Shot Misses the Net.
0:51 of 1st overtime period - Snap shot by Dave Tanabe.
0:51 of 1st overtime period - Deflect By Michael Frolik.
0:51 of 1st overtime period - Stopped by Miika Kiprusoff without a rebound.
0:52 of 1st overtime period - Steve Ott wins face-off versus Marc Savard in Canadiens zone.
1:24 of 1st overtime period - Brett Maclean is hit by Greg Stewart and loses puck.
1:46 of 1st overtime period - Off-side.
1:47 of 1st overtime period - Jiri Hudler wins face-off versus Maxim Talbot in neutral zone.
2:02 of 1st overtime period - Snap shot by Jiri Hudler.
2:02 of 1st overtime period - Deflect By Michael Frolik.
2:02 of 1st overtime period - Shot Misses the Net.
2:02 of 1st overtime period - Puck is out of play.
2:03 of 1st overtime period - Steve Ott wins face-off versus Marc Savard in Canadiens zone.
2:18 of 1st overtime period - Snap shot by Marc Savard.
2:18 of 1st overtime period - Shot Misses the Net.
2:40 of 1st overtime period - Wrist shot by Dan Boyle.
2:40 of 1st overtime period - Shot Blocked by Ben Lovejoy.
2:49 of 1st overtime period - Off-side.
2:50 of 1st overtime period - Marc Savard wins face-off versus Zach Parise in neutral zone.
3:16 of 1st overtime period - Greg Stewart is hit by Dave Tanabe and loses puck.
4:19 of 1st overtime period - Dan Boyle is hit by Jiri Hudler and loses puck.
4:40 of 1st overtime period - Logan Couture is hit by Patrick Sharp and loses puck.
Goals for this period are 0 for Canadiens vs 0 for Devils.
Shots for this period are 0 for Canadiens vs 1 for Devils.

ShootOut


5:00 of 1st overtime period - Penalty Shot by Marc Savard for Canadiens.
5:00 of 1st overtime period - Deke by Marc Savard.
5:00 of 1st overtime period - Goal by Marc Savard.
5:00 of 1st overtime period - Penalty Shot by Zach Parise for Devils.
5:00 of 1st overtime period - Snap shot by Zach Parise.
5:00 of 1st overtime period - Stopped by Miika Kiprusoff.
5:00 of 1st overtime period - Penalty Shot by Patrick Sharp for Canadiens.
5:00 of 1st overtime period - Snap shot by Patrick Sharp.
5:00 of 1st overtime period - Stopped by James Reimer.
5:00 of 1st overtime period - Penalty Shot by Jordan Eberle for Devils.
5:00 of 1st overtime period - Wrist shot by Jordan Eberle.
5:00 of 1st overtime period - Goal by Jordan Eberle.
5:00 of 1st overtime period - Penalty Shot by Marek Svatos for Canadiens.
5:00 of 1st overtime period - Wrist shot by Marek Svatos.
5:00 of 1st overtime period - Goal by Marek Svatos.
5:00 of 1st overtime period - Penalty Shot by Milan Michalek for Devils.
5:00 of 1st overtime period - Backhand shot by Milan Michalek.
5:00 of 1st overtime period - Shot Misses the Net.


Output by the SimonT Hockey Simulator (STHS) for François Prévost -- Original Page W3C XHTML 1.0 Valid
Hockey Simulator - Hockey Simulation - Hockey Manager